AoeStats
← 摆烂pia

African Clearing

505437245Analyzed
4v4 RM · 23d ago on Sep 9, 2026· 33m 53s· 8 players
Game mode
Random Map
Map size
Large (8 player)
Population
200
Speed
Normal
Resources
Standard
Victory
Conquest
Starting age
Dark Age
Ending age
Imperial Age
RankedLock teamsTeams togetherTeam positionsShared explorationLock speedFull tech treeHidden civsTurbo modeCheats
Victory
Defeat
🇨🇦 Wei · Canada
1471
+18
🇯🇵 Lithuanians · Japan
1455
+18
🇲🇽 Berbers · Mexico
1377
+21
🇫🇮 Gurjaras · Finland
1352
+23
🇨🇳 Vietnamese · China
1544
-22
🇨🇳 Vietnamese · China
1526
-37
1522
-21
🇨🇳 Vietnamese · China
1401
-16
Moctezama
11:46 Loom
14:44 Feudal Age
19:38 Castle Age
18:24 Fletching
18:35 Padded Archer Armor
18:33 Double-Bit Axe
21:33 Bodkin Arrow
26:20 Leather Archer Armor
26:30 Bow Saw
32:25 Thumb Ring
34:53 Imperial Age
fumisaiji
10:31 Loom
12:57 Feudal Age
17:12 Castle Age
15:08 Double-Bit Axe
16:33 Scale Barding Armor
17:53 Bloodlines
24:04 Town Watch
27:17 Chain Barding Armor
28:32 Husbandry
29:25 Horse Collar
30:40 Bow Saw
30:54 Fletching
31:04 Padded Archer Armor
32:28 Light Cavalry
34:01 Leather Archer Armor
[FORD]DarkHorse
2:42 Loom
12:50 Feudal Age
15:08 Fletching
22:06 Castle Age
Sunday x Junior
4:40 Loom
13:03 Feudal Age
13:34 Double-Bit Axe
13:36 Town Watch
19:46 Castle Age
18:32 Scale Barding Armor
19:49 Bloodlines
20:54 Bow Saw
22:49 Forging
23:44 Husbandry
26:23 Chain Barding Armor
摆烂pia
6:13 Loom
14:16 Feudal Age
18:28 Castle Age
17:04 Double-Bit Axe
17:31 Horse Collar
19:56 Bow Saw
25:53 Town Watch
28:07 Sanctity
29:29 Wheelbarrow
33:34 Imperial Age
31:52 Scale Mail Armor
32:03 Forging
32:15 Squires
32:50 Heavy Plow
33:38 Chain Mail Armor
摆烂pia
13:00 Feudal Age
12:09 Loom
14:37 Wheelbarrow
13:51 Loom
17:04 Castle Age
15:28 Stone Mining
15:32 Double-Bit Axe
16:17 Gold Mining
18:37 Bow Saw
18:19 Fletching
19:10 Bodkin Arrow
19:38 Horse Collar
21:21 Padded Archer Armor
24:10 Heavy Plow
30:27 Scale Mail Armor
摆烂pia
8:51 Loom
11:05 Feudal Age
12:13 Double-Bit Axe
12:35 Horse Collar
23:56 Castle Age
26:24 Bow Saw
遥かに仰ぎ,麗しの
6:15 Loom
14:24 Feudal Age
19:11 Castle Age
18:07 Double-Bit Axe
20:07 Fletching
27:14 Bodkin Arrow
29:45 Town Watch
Connection lost

Rejoining the realm…

Still unreachable

The connection could not be restored.

Session expired

The server has moved on; the page needs a fresh start.